 Dungeon Crawl Stone Soup version 0.24.0-13-gcf9b3192b9 (webtiles) character file.

Game seed: 18360059597757485148, levelgen mode: deterministic

118405 Johnny the Fencer (level 16, -1/132 HPs)
             Began as a Troll Berserker on Nov 10, 2019.
             Was a Priest of Trog.
             Shot with an arrow by a deep elf archer (17 damage)
             ... on level 2 of the Elven Halls.
             The game lasted 00:37:33 (21282 turns).

Johnny the Fencer (Troll Berserker)                Turns: 21282, Time: 00:37:34

Health: -1/132     AC:  9    Str: 34    XL:     16   Next: 25%
Magic:  0/15       EV: 14    Int:  3    God:    Trog [***...]
Gold:   779        SH:  0    Dex:  9    Spells: 13/15 levels left

rFire    + . .     SeeInvis .   y - +13 double sword of Trog's Anger {slice, *Noise +Inv rF+ Stlth+}
rCold    . . .     Gourm    +   (no shield)
rNeg     . . .     Faith    .   s - +0 troll leather armour
rPois    .         Spirit   +   (helmet restricted)
rElec    +         Reflect  .   b - scarf {Spirit}
rCorr    .         Harm     .   (gloves unavailable)
MR       ++...                  (boots unavailable)
Stlth    ++........             e - amulet of regeneration
HPRegen  1.52/turn              T - +4 ring of slaying
MPRegen  0.14/turn              t - ring "Hiytweuz" {*Slow rElec MR+ AC+1}

@: berserk cooldown, slowed, very heavily drained, very slow
A: large, unfitting armour, claws 3, fast metabolism 3, gourmand, regeneration
1, shaggy fur 1, tough skin 3
a: Berserk, Trog's Hand, Renounce Religion, Evoke Invisibility


You were on level 2 of the Elven Halls.
You worshipped Trog.
Trog was most pleased with you.
You were full.

You visited 5 branches of the dungeon, and saw 26 of its levels.
You visited the Abyss 1 time.
You also visited: Ice Cave.

You collected 3487 gold pieces.
You spent 2708 gold pieces at shops.

Inventory:

Hand Weapons
 y - the +13 double sword of Trog's Anger (weapon) {slice, *Noise +Inv rF+ Stlth+}
   (Trog gifted it to you on level 15 of the Dungeon)

   It inflicts extra damage upon your enemies.
   It protects you from fire.
   It lets you turn invisible.
   It may make noises in combat.
   It makes you more stealthy.
 I - a +7 antimagic triple sword
 O - the +3 double sword of Ragnarok {drain, Str+8 Dex+4}
   (You bought it in a shop on level 2 of the Orcish Mines)

   A truly terrible weapon, it drains the life of those it strikes.
   It affects your strength (+8).
   It affects your dexterity (+4).
 V - the +8 autumn katana {slice, Clar}
   (Trog gifted it to you on level 2 of the Lair of Beasts)

   It inflicts extra damage upon your enemies.
   It protects you against confusion.
Missiles
 E - a throwing net (quivered)
Armour
 b - a scarf of spirit shield (worn)
 s - a +0 troll leather armour (worn)
Jewellery
 e - an amulet of regeneration (around neck)
 l - a +2 ring of intelligence {unknown}
 t - the ring "Hiytweuz" (right claw) {*Slow rElec MR+ AC+1}
   (You found it on level 6 of the Lair of Beasts)

   [ring of protection]

   It affects your AC (+1).
   It insulates you from electricity.
   It affects your resistance to hostile enchantments.
   It may slow you when you take damage.
 N - the amulet of Birdsong {Spirit Int+3}
   (You found it in an ice cave)

   [amulet of guardian spirit]

   It causes incoming damage to be split between your health and magic.
   It affects your intelligence (+3).
 R - a +4 ring of evasion
 T - a +4 ring of slaying (left claw)
 X - an uncursed amulet of magic regeneration {unknown}
Wands
 k - a wand of acid (5)
 p - a wand of iceblast (20)
 Q - a wand of paralysis (5)
Scrolls
 h - 6 scrolls of remove curse
 i - 5 scrolls of blinking
 j - 5 scrolls of fog
 n - 6 scrolls of enchant armour
 r - 2 scrolls of identify
 u - a scroll of holy word
 x - a scroll of torment
 z - 12 scrolls of teleportation
 A - 2 scrolls of magic mapping
 B - 3 scrolls of noise
 C - 2 scrolls of immolation
 D - a scroll of summoning
 H - a scroll of silence
 L - 4 scrolls of vulnerability
 Y - 2 scrolls of fear {unknown}
Potions
 a - 6 potions of heal wounds
 d - 6 potions of berserk rage
 f - 10 potions of curing
 g - 2 potions of magic
 m - 8 potions of brilliance
 o - 3 potions of haste
 q - 3 potions of flight
 v - 5 potions of might
 w - 2 potions of mutation
 F - 2 potions of resistance
 G - a potion of cancellation
 K - 2 potions of invisibility
 P - a potion of ambrosia {unknown}
 S - 3 potions of lignification
 U - a potion of agility
Miscellaneous
 J - 2 sacks of spiders
 M - a lightning rod (4/4)
Comestibles
 c - 36 rations


   Skills:
 - Level 2.4(0.0) Fighting
 * Level 18.8(14.6) Long Blades
 + Level 14.1(10.3) Dodging
 + Level 4.3(1.4) Translocations


You had 13 spell levels left.
You knew the following spells:

 Your Spells              Type           Power        Failure   Level  Hunger
a - Blink                 Tloc           N/A          52%         2    ###....

Your spell library contained the following spells:

 Spells                   Type           Power        Failure   Level  Hunger
 Animate Skeleton         Necr           N/A          56%         1    ##.....
 Infusion                 Chrm           #...         56%         1    ##.....
 Magic Dart               Conj           #...         56%         1    ##.....
 Pain                     Necr           #...         56%         1    ##.....
 Shroud of Golubria       Chrm/Tloc      #.....       61%         2    ###....
 Call Imp                 Summ           #.......     71%         2    ###....
 Corpse Rot               Necr           N/A          71%         2    ###....
 Slow                     Hex            #.......     71%         2    ###....
 Song of Slaying          Chrm           #.......     71%         2    ###....
 Sublimation of Blood     Necr           #.........   71%         2    ###....
 Conjure Flame            Conj/Fire      #.......     90%         3    ####...
 Ignite Poison            Fire/Tmut/Pois #.......     90%         3    ####...
 Mephitic Cloud           Conj/Pois/Air  #.......     90%         3    ####...
 Regeneration             Chrm/Necr      #.........   90%         3    ####...
 Spectral Weapon          Hex/Chrm       #.......     90%         3    ####...
 Vampiric Draining        Necr           #.........   90%         3    ####...
 Animate Dead             Necr           N/A          100%        4    #####..
 Agony                    Necr           #.......     100%        5    ######.
 Bolt of Draining         Conj/Necr      #.........   100%        5    ######.
 Dispel Undead            Necr           #.......     100%        5    ######.
 Excruciating Wounds      Chrm/Necr      #.........   100%        5    ######.
 Fireball                 Conj/Fire      #.........   100%        5    ######.
 Irradiate                Conj/Tmut      #.........   100%        5    ######.
 Bolt of Fire             Conj/Fire      #.........   100%        6    #######
 Hydra Form               Tmut           #.........   100%        6    #######
 Statue Form              Tmut/Erth      #........    100%        6    #######
 Dragon Form              Tmut           #.........   100%        7    #######
 Ring of Flames           Chrm/Fire      #.........   100%        7    #######
 Ignition                 Fire           #.........   100%        8    #######


Dungeon Overview and Level Annotations

Branches:
Dungeon (15/15)            Temple (0/1) D:4            Lair (6/6) D:10
 Shoals (0/4) Lair:3       Spider (1/4) Lair:3        Slime (0/5) Lair:6
    Orc (2/2) D:9             Elf (2/3) Orc:2        Vaults (0/5) D:14
 Depths (0/5) D:15          IceCv (visited)

Altars:
Cheibriados
Fedhas
Hepliaklqana
Makhleb
Okawaru
Ru
Sif Muna
Trog
Xom
Yredelemnul
The Shining One

Shops:
D:7 ?   D:14 (   Orc:1 (   Orc:2 [}}(   Elf:1 !

Annotations:
Elf:1 2 runed translucent doors, RandomHacker's ghost, adept GnSk


Innate Abilities, Weirdness & Mutations

You are too large for most types of armour.
You have claws for hands.
Your metabolism is lightning-fast.
You like to eat raw meat.
Your natural rate of healing is unusually fast.
You are covered in fur. (AC +1)
You have extremely tough skin. (AC +3)


Message History

Trog appreciates your killing of a magic user.
Trog doesn't appreciate your training magic!
You feel a little guilty.
Your +4 hand axe of distortion completely misses the +1 scimitar of draining.
Your +7 antimagic trident hits the deep elf mage.
The deep elf mage's magic leaks into the air.
The deep elf mage barely misses you.
Your +5 war axe of electrocution barely misses the deep elf mage.
The +1 scimitar of draining hits you!!
* * * LOW HITPOINT WARNING * * *
You feel drained.
* * * LOW HITPOINT WARNING * * *
Your +7 antimagic trident hits the deep elf mage!
The deep elf mage's magic leaks into the air.
Your +4 hand axe of distortion closely misses the +1 scimitar of draining.
Your +3 trident of piercing hits the +1 scimitar of draining but does no damage.
The deep elf archer unwields a +0 dagger.
The deep elf archer wields a +0 longbow.
The deep elf archer shoots an arrow.
The arrow hits you!
You die...

###########
##.........#
##..(((......#
#..(@e..e.....
+*.()ยง........
#.............
#...e....$....
##....e......#
##.........##
..)../###+#
.......
..(......


You could see 2 deep elf archers, 2 deep elf magi, a +1 scimitar of draining, a
battlesphere and 4 friendly dancing weapons.

Vanquished Creatures
  Rupert (Lair:5)
  A tentacled starspawn (Abyss:2)
  Kirke (Elf:1)
  A revenant (Abyss:2)
  2 deep elf sorcerers (Elf:1)
  A green death (Abyss:2)
  Josephine (Orc:1)
  A blizzard demon (Abyss:2)
  Harold (D:7)
  2 rakshasas (D:15)
  3 hydras
  2 ice dragons (IceCv)
  A vault guard (D:14)
  3 centaur warriors
  Erica (Orc:1)
  5 two-headed ogres
  A catoblepas (Lair:6)
  3 death yaks (Lair:3)
  2 thrashing horrors (Abyss:2)
  3 dancing weapons (Elf:1)
  3 orc high priests (Orc:2)
  2 deep elf knights (Elf:1)
  A wretched star (Abyss:2)
  7 skeletal warriors (D:13)
  3 deep elf archers
  A lindwurm (Lair:6)
  2 wizards (Elf:1)
  A glowing orange brain (D:15)
  3 necromancers
  Pikel (D:7)
  16 deep elf magi
  A wolf spider (D:10)
  4 orc knights
  A moth of wrath (Spider:1)
  2 orc sorcerers (Orc:2)
  2 cyclopes
  2 manticores
  An iron dragon zombie (Abyss:2)
  10 ugly things
  Maurice (D:11)
  3 black mambas (Lair:6)
  Joseph (D:9)
  7 elephants
  2 ice statues (IceCv)
  12 spiny frogs
  A gargoyle (D:13)
  3 rime drakes
  A storm dragon simulacrum (Abyss:2)
  4 yaktaurs (D:14)
  6 komodo dragons
  2 ice devils (Lair:6)
  A hellwing (Abyss:2)
  2 ancient zymes (Abyss:2)
  A queen bee (D:9)
  3 polar bears (Lair:6)
  A jumping spider (Lair:3)
  2 hornets
  A troll (shapeshifter) (D:15)
  8 trolls
  A raiju (Abyss:2)
  A snapping turtle (Lair:3)
  3 blink frogs (Lair:4)
  18 dream sheep
  6 hippogriffs
  2 slime creatures (D:15)
  A flying skull (Abyss:2)
  Sigmund (D:2)
  12 spriggans (Lair:6)
  A ynoxinul (Abyss:2)
  A shadow (D:13)
  2 vampires
  2 wyverns
  7 wraiths
  50 yaks
  A fire elemental (Elf:1)
  20 humans (D:14)
  4 large abominations (Abyss:2)
  2 basilisks
  A hog (Elf:1)
  5 hungry ghosts
  4 vampire mosquitoes (D:15)
  2 neqoxecs (Abyss:2)
  Menkaure (D:4)
  4 wargs
  3 soldier ants
  An acid dragon (D:10)
  12 water moccasins
  7 porcupines
  A soldier ant (shapeshifter) (D:15)
  A hornet zombie (D:13)
  16 orc warriors
  A swamp drake (D:9)
  3 eyes of draining
  19 ice beasts
  2 sky beasts
  6 black bears
  6 boggarts
  12 ogres
  5 phantoms
  24 wolves
  7 centaurs
  15 crocodiles
  A big kobold (D:8)
  2 gnoll sergeants
  8 bullfrogs
  An earth elemental (Elf:1)
  2 wyvern skeletons
  3 scorpions
  20 killer bees
  The ghost of paps the Skirmisher, a weakling DsFi of Qazlal (D:3)
  10 wights
  4 howler monkeys
  4 crimson imps
  4 centaur zombies
  A bullfrog zombie (D:7)
  4 quasits
  A hound (D:10)
  4 centaur skeletons
  11 orc priests
  2 bullfrog skeletons
  16 jellies
  16 orc wizards
  2 iron imps (Abyss:2)
  5 iguanas
  11 worker ants
  Natasha (thrice) (D:2)
  2 polar bear simulacra (Lair:2)
  2 small abominations (Abyss:2)
  2 yak simulacra (Lair:2)
  3 wolf simulacra (Lair:2)
  A hound zombie (D:10)
  2 hound skeletons
  A worker ant zombie (D:10)
  Robin (D:2)
  6 gnolls
  19 adders
  2 shadow imps
  A white imp (Abyss:2)
  An ufetubus (Abyss:2)
  3 oozes
  2 adder skeletons
  3 worms
  4 dart slugs
  3 leopard geckos (D:4)
  60 orcs
  6 bats
  6 giant cockroaches
  8 hobgoblins
  16 jackals
  10 kobolds
  3 quokkas
  3 frilled lizards
  20 goblins
  A jackal skeleton (D:4)
  6 rats
  4 river rat simulacra (Lair:2)
  2 plants
  2 starspawn tentacles (Abyss:2)
795 creatures vanquished.

Vanquished Creatures (collateral kills)
  A fire dragon (D:15)
  A two-headed ogre (D:10)
  A satyr (D:15)
  A glowing orange brain (D:15)
  An orc knight (Orc:2)
  A deep elf mage (Elf:2)
  2 orc sorcerers (Orc:2)
  A water nymph (D:15)
  5 slime creatures (D:11)
  A vampire mosquito (D:10)
  An orc warrior (Orc:2)
  2 orc priests (Orc:2)
  A worker ant (D:11)
  An adder (D:10)
  3 orcs (Orc:2)
23 creatures vanquished.

Vanquished Creatures (others)
  A necromancer (D:14)
  A slave (D:7)
  A centaur skeleton (D:7)
  An orc wizard (D:7)
  4 fungi
  A lurking horror (Abyss:2)
  2 plants (Lair:6)
  2 starspawn tentacles (Abyss:2)
  5 toadstools (D:4)
18 creatures vanquished.

Grand Total: 836 creatures vanquished

Notes
Turn   | Place    | Note
-------+----------+-------------------------------------------
     0 | D:1      | Johnny the Troll Berserker began the quest for the Orb.
     0 | D:1      | Reached XP level 1. HP: 22/22 MP: 0/0
   232 | D:1      | Reached XP level 2. HP: 29/29 MP: 1/1
   273 | D:1      | Reached skill level 3 in Long Blades
   710 | D:2      | Noticed Natasha
   713 | D:2      | Killed Natasha
   713 | D:2      | Reached XP level 3. HP: 36/36 MP: 2/2
   715 | D:2      | Reached ** piety under Trog
   811 | D:2      | Reached XP level 4. HP: 42/44 MP: 3/3
   884 | D:2      | Found a shimmering altar of Xom.
   886 | D:2      | Found a hazy altar of Hepliaklqana.
   946 | D:2      | Noticed Robin
   978 | D:2      | Killed Robin
   985 | D:2      | Reached skill level 4 in Long Blades
  1009 | D:2      | Noticed Sigmund
  1012 | D:2      | Noticed Natasha
  1039 | D:2      | Killed Sigmund
  1039 | D:2      | Reached XP level 5. HP: 25/50 MP: 4/4
  1039 | D:2      | Reached XP level 6. HP: 29/59 MP: 5/5
  1051 | D:2      | Killed Natasha
  1100 | D:2      | Reached *** piety under Trog
  1102 | D:2      | Noticed Natasha
  1115 | D:2      | Killed Natasha
  1115 | D:2      | Reached skill level 5 in Long Blades
  1155 | D:2      | Found an iron altar of Okawaru.
  1286 | D:3      | Found a faded altar of an unknown god.
  1585 | D:3      | Found a runed translucent door.
  1618 | D:2      | Found a sacrificial altar of Ru.
  1618 | D:2      | Found a basalt altar of Yredelemnul.
  1721 | D:3      | Noticed paps's ghost (weakling DsFi)
  2104 | D:3      | Killed paps's ghost
  2228 | D:4      | Reached XP level 7. HP: 59/66 MP: 6/6
  2358 | D:4      | Found a staircase to the Ecumenical Temple.
  2580 | D:4      | Reached skill level 6 in Long Blades
  2619 | D:4      | Found a bloodstained altar of Trog.
  2619 | D:4      | Noticed Menkaure
  2620 | D:4      | Found an iron altar of Okawaru.
  2627 | D:4      | Killed Menkaure
  2650 | D:5      | Entered Level 5 of the Dungeon
  2726 | D:5      | Reached **** piety under Trog
  2726 | D:5      | Reached skill level 5 in Dodging
  2752 | D:5      | Reached XP level 8. HP: 74/74 MP: 7/7
  2782 | D:5      | Reached skill level 7 in Long Blades
  3490 | D:6      | Found a snail-covered altar of Cheibriados.
  3517 | D:6      | Found a blossoming altar of Fedhas.
  3840 | D:7      | Reached skill level 8 in Long Blades
  4000 | D:7      | Found Pehi's Magic Scroll Emporium.
  4013 | D:7      | Bought a scroll of remove curse for 36 gold pieces
  4013 | D:7      | Bought a scroll of identify for 24 gold pieces
  4013 | D:7      | Bought a scroll of identify for 24 gold pieces
  4013 | D:7      | Bought a scroll of identify for 24 gold pieces
  4013 | D:7      | Bought a scroll of identify for 24 gold pieces
  4013 | D:7      | Bought a scroll of identify for 24 gold pieces
  4013 | D:7      | Bought a scroll of identify for 24 gold pieces
  4013 | D:7      | Bought a scroll of teleportation for 36 gold pieces
  4013 | D:7      | Bought a scroll of fog for 24 gold pieces
  4013 | D:7      | Bought a scroll of summoning for 114 gold pieces
  4121 | D:7      | Reached XP level 9. HP: 80/80 MP: 8/8
  4186 | D:7      | Noticed Pikel
  4212 | D:7      | Killed Pikel
  4212 | D:7      | Reached skill level 9 in Long Blades
  4277 | D:7      | Noticed Harold
  4304 | D:7      | Killed Harold
  4357 | D:7      | Reached ***** piety under Trog
  4630 | D:8      | Reached skill level 10 in Long Blades
  4790 | D:8      | Reached XP level 10. HP: 51/88 MP: 9/9
  4890 | D:8      | Received a gift from Trog
  5441 | D:9      | Reached skill level 11 in Long Blades
  5750 | D:9      | Noticed Joseph
  5766 | D:9      | Killed Joseph
  6197 | D:9      | Found a staircase to the Orcish Mines.
  6298 | D:10     | Entered Level 10 of the Dungeon
  6484 | D:10     | Noticed a two-headed ogre
  6514 | D:10     | Killed a two-headed ogre
  6514 | D:10     | Reached XP level 11. HP: 32/94 MP: 3/10
  6578 | D:10     | Found a burning altar of Makhleb.
  6603 | D:10     | Reached skill level 12 in Long Blades
  6647 | D:10     | Noticed a centaur warrior
  6652 | D:10     | Noticed a wolf spider
  6655 | D:10     | Killed a centaur warrior
  6660 | D:10     | Killed a wolf spider
  6913 | D:10     | Noticed a two-headed ogre
  6918 | D:10     | Killed a two-headed ogre
  6950 | D:10     | Found a shimmering blue altar of Sif Muna.
  7226 | D:10     | Found a staircase to the Lair.
  7548 | D:11     | Noticed a two-headed ogre
  7668 | D:11     | Killed a two-headed ogre
  7757 | D:11     | Noticed Maurice
  7770 | D:11     | Reached skill level 13 in Long Blades
  7777 | D:11     | Killed Maurice
  7867 | D:11     | Received a gift from Trog
  9013 | D:12     | Reached XP level 12. HP: 104/104 MP: 3/11
  9222 | D:13     | Reached skill level 10 in Dodging
  9456 | D:13     | Paralysed by a hornet for 2 turns
  9711 | D:13     | Reached skill level 14 in Long Blades
 10242 | D:14     | Found Quif's Weapon Shop.
 10538 | D:14     | Noticed a two-headed ogre
 10541 | D:14     | Killed a two-headed ogre
 10603 | D:14     | Reached XP level 13. HP: 99/110 MP: 4/12
 10721 | D:14     | Reached skill level 15 in Long Blades
 10756 | D:14     | Found a gate to the Vaults.
 10896 | D:15     | Entered Level 15 of the Dungeon
 11269 | D:15     | Found a staircase to the Depths.
 11324 | D:15     | Noticed a fire dragon
 11324 | D:15     | a slime creature changed into a fire dragon
 11330 | D:15     | Killed a fire dragon
 11433 | D:15     | Received a gift from Trog
 11442 | D:15     | Got a steaming double sword {god gift}
 11466 | D:15     | Identified the +13 double sword of Trog's Anger {slice,
                  | *Noise +Inv rF+ Stlth+} (Trog gifted it to you on level 15
                  | of the Dungeon)
 11732 | D:15     | Reached skill level 16 in Long Blades
 11765 | D:15     | Found a glowing golden altar of the Shining One.
 12025 | Orc:1    | Entered Level 1 of the Orcish Mines
 12071 | Orc:1    | Noticed Erica
 12079 | Orc:1    | Killed Erica
 12103 | Orc:1    | Found Faseis's Weapon Boutique.
 12129 | Orc:1    | Noticed Josephine
 12135 | Orc:1    | Killed Josephine
 12358 | Orc:2    | Entered Level 2 of the Orcish Mines
 12405 | Orc:1    | Reached XP level 14. HP: 118/118 MP: 13/13
 12651 | Orc:2    | Found a staircase to the Elven Halls.
 12875 | Orc:2    | Received a gift from Trog
 12886 | Orc:2    | Got an ivory dire flail {god gift}
 13094 | Orc:2    | Found Omag's Antique Weapon Shop.
 13094 | Orc:2    | Found Paryzao's Antique Armour Emporium.
 13098 | Orc:2    | Found Epsozodi's Gadget Emporium.
 13098 | Orc:2    | Found Ontummic's Gadget Shop.
 13113 | Orc:2    | Bought a bloodstained double sword for 440 gold pieces
 13235 | D:10     | Identified the +5 dire flail of Pride {crush, rF- MR++
                  | Int-4 Dex+4} (Trog gifted it to you on level 2 of the
                  | Orcish Mines)
 13236 | D:10     | Identified the +3 double sword of Ragnarok {drain, Str+8
                  | Dex+4} (You bought it in a shop on level 2 of the Orcish
                  | Mines)
 13242 | Lair:1   | Entered Level 1 of the Lair of Beasts
 14443 | Lair:2   | Received a gift from Trog
 14444 | Lair:2   | Found the +8 autumn katana {slice, Clar}
 14861 | Lair:3   | You fall into a shaft and drop 1 floor!
 14922 | Lair:4   | Reached skill level 17 in Long Blades
 15790 | Lair:3   | Found a staircase to the Shoals.
 16475 | Lair:3   | Found a hole to the Spider Nest.
 16496 | Spider:1 | Entered Level 1 of the Spider Nest
 16781 | Lair:5   | Found a hazy altar of Hepliaklqana.
 16855 | Lair:5   | Noticed Rupert
 16865 | Lair:5   | Killed Rupert
 16988 | Lair:5   | Received a gift from Trog
 17114 | Lair:5   | Was placed under penance by Trog
 17117 | Lair:5   | Learned a level 2 spell: Blink
 17210 | Lair:5   | Reached XP level 15. HP: 112/124 MP: 14/14
 17258 | Lair:6   | Entered Level 6 of the Lair of Beasts
 17534 | Lair:6   | Found a frozen archway.
 17553 | IceCv    | Entered an ice cave
 17678 | IceCv    | Was forgiven by Trog
 17830 | IceCv    | Got a coiled amethyst amulet
 17879 | IceCv    | Identified the amulet of Birdsong {Spirit Int+3} (You found
                  | it in an ice cave)
 18322 | Lair:6   | Reached skill level 18 in Long Blades
 18398 | Lair:6   | Reached skill level 1 in Translocations
 19015 | Lair:6   | Found a staircase to the Slime Pits.
 19137 | Lair:6   | Got an ancient bronze ring
 19139 | Lair:6   | Identified the ring "Hiytweuz" {*Slow rElec MR+ AC+1} (You
                  | found it on level 6 of the Lair of Beasts)
 19443 | D:7      | Bought a scroll of holy word for 90 gold pieces
 19443 | D:7      | Bought a scroll of acquirement for 624 gold pieces
 19525 | Elf:1    | Entered Level 1 of the Elven Halls
 19694 | Elf:1    | Found Efreig's Distillery.
 19697 | Elf:1    | Bought a potion of heal wounds for 80 gold pieces
 19697 | Elf:1    | Bought a potion of might for 64 gold pieces
 19697 | Elf:1    | Bought a potion of magic for 128 gold pieces
 19697 | Elf:1    | Bought a potion of curing for 48 gold pieces
 19697 | Elf:1    | Bought a potion of might for 64 gold pieces
 19697 | Elf:1    | Bought a potion of heal wounds for 80 gold pieces
 19697 | Elf:1    | Bought a potion of berserk rage for 80 gold pieces
 19697 | Elf:1    | Bought a potion of resistance for 160 gold pieces
 19697 | Elf:1    | Bought a potion of brilliance for 64 gold pieces
 19697 | Elf:1    | Bought a potion of invisibility for 128 gold pieces
 19697 | Elf:1    | Bought a potion of lignification for 48 gold pieces
 19697 | Elf:1    | Bought 2 potions of brilliance for 128 gold pieces
 19697 | Elf:1    | Bought a potion of curing for 48 gold pieces
 19697 | Elf:1    | Bought a potion of heal wounds for 80 gold pieces
 19709 | Elf:1    | Noticed a deep elf sorcerer
 19721 | Elf:1    | Killed a deep elf sorcerer
 20005 | Elf:1    | Received a gift from Trog
 20022 | Elf:1    | Cast into level 2 of the Abyss (a wizard)
 20022 | Abyss:2  | Found a hazy altar of Hepliaklqana.
 20439 | Abyss:2  | Noticed a tentacled starspawn
 20450 | Abyss:2  | Killed a tentacled starspawn
 20555 | Abyss:2  | Noticed a revenant
 20561 | Abyss:2  | Killed a revenant
 20561 | Abyss:2  | Reached XP level 16. HP: 120/132 MP: 15/15
 20655 | Elf:1    | Escaped the Abyss
 20809 | Elf:1    | Noticed Kirke
 20817 | Elf:1    | Killed Kirke
 20837 | Elf:1    | Noticed RandomHacker's ghost (adept GnSk)
 20840 | Elf:1    | Found a large runed translucent door.
 20840 | Elf:1    | Found a large runed translucent door.
 21282 | Elf:2    | Shot with an arrow by a deep elf archer

Levels and vault maps discovered:
D:1:      dpeg_arrival_simpleton_a, layout_basic, kennysheep_crisscross,
          fountainhead, minmay_cut_off
D:2:      layout_rooms, nicolae_overflow_hidden_temple,
          kennysheep_okawaru_gauntlet, uniq_natasha, uniq_robin, uniq_sigmund
D:3:      layout_basic, first_ration, chequers_ecumenical_altar_simple,
          ebering_ghost_sewer_d
D:4:      layout_rooms, grunt_temple_overflow_bloody_war,
          minmay_temple_entry_overgrown, minmay_gold_behind_fungi, uniq_menkaure
D:5:      layout_basic
D:6:      layout_cave_pools, fedhas_altar_3, kennysheep_slug_shrine
D:7:      layout_rooms, serial_shops, shop, minivault_27, uniq_pikel,
          uniq_harold
D:8:      layout_rooms
D:9:      layout_loops_ring, orc_0_dummy, david_nohive_1, bh_walls_and_bars,
          uniq_joseph
D:10:     minmay_the_grid_octo_triangle [minmay_the_grid_octo_checkerflower,
          minmay_the_grid_octo_prize_big_c,
          minmay_the_grid_octo_vomiting_pacman], layout_loops_corners,
          dpeg_oklobed_lair
D:11:     layout_layer_cave, uniq_maurice
D:12:     layout_irregular_city, corexii_corridor_pit, minmay_misc_feat_roman
D:13:     layout_roguey
D:14:     layout_roguey, grunt_vaults_entry_tiered, serial_rivers,
          chequers_serial_rivers_micro_e, chequers_serial_rivers_marsh,
          chequers_serial_rivers_room_b, chequers_serial_rivers_micro_c,
          serial_shops, shop, serial_bayou_pond_d
D:15:     gammafunk_enter_depths_forms, layout_basic,
          nicolae_tso_carved_into_rock
Lair:1:   layout_roguey
Lair:2:   layout_cave_pods, eino_house_with_fridge, infiniplex_staircase_pool,
          grunt_megastairs_3
Lair:3:   layout_cave_pods, minmay_shoals_entry_hut, dummy_spider_entry
Lair:4:   layout_regular_city, st_stairs_6, minivault_26
Lair:5:   layout_long_grid, basic_altar, uniq_rupert
Lair:6:   minmay_lair_end_enchanted_forest, layout_gridlike,
          minmay_slime_entry_jelly_boxes, portal_ice_cave_demonic_guard,
          st_stairs_6, wad_woods_road_01
Spider:1: layout_spider_delve
Orc:1:    layout_caves, serial_shops, nicolae_shop_crystal, uniq_josephine,
          uniq_erica
Orc:2:    grunt_orc_tribal_feast, layout_caves
Elf:1:    layout_onion_city, serial_shops, shop, ebering_ghost_disaster_area,
          hangedman_elf_disciples, uniq_kirke
Elf:2:    layout_gridlike, eino_tiny_chamber, roderic_lattice_octagonal_star

Skill      XL: |  1  2  3  4  5  6  7  8  9 10 11 12 13 14 15 16 |
---------------+-------------------------------------------------+-----
Long Blades    | 3 4 5 6 8 10 11 13 14 16 17 18 | 18.8
Dodging        | 3 4 5 6 7 8 9 11 12 13 14 | 14.1
Translocations | 3 4 |  4.3
Fighting       | |  2.4

Action                   |  1- 3 |  4- 6 |  7- 9 | 10-12 | 13-15 | 16-18 || total
-------------------------+-------+-------+-------+-------+-------+-------++-------
Melee: Falchion          |   100 |    24 |       |       |       |       ||   124
       Long sword        |       |   172 |   365 |    26 |       |       ||   563
       Triple sword      |       |       |       |   541 |   191 |       ||   732
       Double sword      |       |       |       |       |  1004 |    48 ||  1052
       Katana            |       |       |       |       |    93 |       ||    93
Throw: Throwing net      |       |       |     1 |       |     1 |       ||     2
Invok: Berserk           |     1 |     5 |    13 |    20 |    20 |     2 ||    61
       Trog's Hand       |       |     1 |       |     2 |     2 |     1 ||     6
       Brothers in Arms  |       |       |       |     2 |     3 |       ||     5
Evoke: Wand              |       |       |       |     5 |    10 |       ||    15
       Box of beasts     |       |       |       |       |     1 |       ||     1
  Use: Scroll            |       |     1 |    14 |    10 |    14 |     2 ||    41
       Potion            |       |       |       |     3 |     1 |     1 ||     5
 Stab: Sleeping          |     1 |       |     2 |       |     2 |       ||     5
       Held in net/web   |       |       |     3 |       |       |       ||     3
       Confused          |       |       |       |     1 |       |       ||     1
       Distracted        |       |       |       |       |     1 |       ||     1
  Eat: Chunk             |    14 |    17 |    36 |    79 |   102 |    11 ||   259
       Ration            |       |       |       |     2 |     2 |       ||     4
Armor: Animal skin       |    49 |    86 |    93 |    76 |       |       ||   304
       Troll leather arm |       |       |       |    99 |   195 |    15 ||   309
Dodge: Dodged            |    67 |   120 |   220 |   519 |   998 |    45 ||  1969
       Rpst.: Falchion   |    21 |     5 |       |       |       |       ||    26
       Long sword        |       |    27 |    69 |     6 |       |       ||   102
       Triple sword      |       |       |       |   142 |    33 |       ||   175
       Double sword      |       |       |       |       |   206 |     9 ||   215
       Katana            |       |       |       |       |    23 |       ||    23
